Blackhawks vs Red Wings
Created - March 28, 2020 at 19:09
Goals
|
Blackhawks |
0 |
2 |
1 |
3 |
Red Wings |
2 |
1 |
1 |
4 |
|
Shots
|
Blackhawks |
3 |
16 |
7 |
26 |
Red Wings |
11 |
11 |
10 |
32 |
|
1st period
1. Red Wings , Connor Brown 26 (Mike Richards 46, Nick Bjugstad 23) at 4:37
2. Red Wings , Nick Bjugstad 15 (Dany Heatley 6, Jordin Tootoo 19) at 9:43 (PP)
Penalties :
Erik Christensen (Chi) for High sticking (Minor) at 7:50, Eric Brewer (Chi) for Tripping (Minor) at 14:28, Chris Kelly (Det) for High sticking (Minor) at 16:58
2nd period
3. Blackhawks , Cody Hodgson 15 (Chris Kreider 29, Justin Falk 5) at 5:37
4. Red Wings , Ryan O'Byrne 1 (David Krejci 18, Riley Armstrong 5) at 12:42
5. Blackhawks , Rick Nash 18 (Antoine Roussel 25, Derick Brassard 71) at 19:35
Penalties :
Alex Picard (Det) for Tripping (Minor) at 9:24
3rd period
6. Blackhawks , Tomas Fleischmann 12 (Antoine Roussel 26, Seth Jones 14) at 2:14
7. Red Wings , Petr Pohl 6 (Nick Bjugstad 24, Ryan O'Byrne 7) at 8:32
Penalties :
Mike Richards (Det) for Boarding (Minor) at 3:12, Connor Brown (Det) for Tripping (Minor) at 6:22, James Reimer (Det) for Slashing (Minor) at 19:36 - Michael Haley served the penalty
Goalie Stats
Ray Emery (Chi), 28 saves from 32 shots - (0.875), L, 2-2-1, 59:04 minutes
James Reimer (Det), 23 saves from 26 shots - (0.885), W, 20-21-5, 60:00 minutes
Players Stats for Blackhawks
Player Name G A P +/- PIM S H SB GA TA FO MP PP MP PK MP
------------------------------------------------------------------------------------
Antoine Roussel 0 2 2 0 0 5 0 3 0 0 0/0 21:56 4:12 2:10
Brandon Yip 0 0 0 0 0 2 3 1 0 0 0/0 19:07 3:46 0:00
Chris Kreider 0 1 1 0 0 2 1 1 0 1 1/3 20:34 3:46 1:27
Cody Hodgson 1 0 1 0 0 4 3 0 0 1 2/6 19:07 3:46 0:00
David Jones 0 0 0 0 0 1 2 0 0 0 0/0 12:04 0:21 0:00
Derick Brassard 0 1 1 0 0 1 2 2 0 2 18/34 23:52 4:12 0:00
Eric Brewer 0 0 0 -2 2 0 2 0 2 0 0/0 16:32 0:00 0:51
Erik Christensen 0 0 0 0 2 2 2 0 0 1 5/10 12:59 0:21 0:32
Gabriel Bourque 0 0 0 0 0 1 0 1 0 0 0/0 5:23 0:00 0:12
John Carlson 0 0 0 0 0 1 4 3 0 1 0/0 24:55 5:09 1:52
Justin Falk 0 1 1 2 0 0 0 0 0 0 0/0 10:22 0:00 0:00
Kevin Marshall 0 0 0 0 0 0 0 0 0 1 0/0 4:20 0:00 0:29
Matthew Spiller 0 0 0 -2 0 1 2 1 0 3 0/0 21:21 3:10 2:00
Mike Green 0 0 0 0 0 1 2 1 0 0 0/0 28:17 5:09 1:52
Rick Nash 1 0 1 0 0 2 1 0 0 0 0/1 20:50 4:12 1:04
Scott Gomez 0 0 0 0 0 0 0 1 0 0 2/4 7:21 0:00 2:19
Seth Jones 0 1 1 2 0 1 0 1 0 0 0/0 14:21 3:10 0:40
Tomas Fleischmann 1 0 1 0 0 2 2 0 0 0 0/0 12:45 0:21 0:00
Players Stats for Red Wings
Player Name G A P +/- PIM S H SB GA TA FO MP PP MP PK MP
------------------------------------------------------------------------------------
Alex Picard 0 0 0 0 2 0 2 0 0 0 1/3 17:48 1:26 1:02
Andrew Alberts 0 0 0 -2 0 0 0 1 0 0 0/0 13:28 0:45 0:00
Anton Volchenkov 0 0 0 -1 0 0 2 2 0 0 0/0 19:04 0:00 5:24
Carson Mcmillan 0 0 0 0 0 1 0 1 1 0 0/0 12:38 0:00 4:33
Chris Kelly 0 0 0 0 2 1 0 0 1 0 4/7 10:48 0:00 3:30
Connor Brown 1 0 1 0 2 4 2 1 0 1 1/1 17:00 1:26 0:00
Dany Heatley 0 1 1 0 0 4 3 2 0 0 0/0 17:05 2:26 0:18
David Krejci 0 1 1 0 0 2 1 0 0 0 3/6 10:10 0:00 0:09
Jiri Fischer 0 0 0 -1 0 1 3 0 0 0 0/0 19:14 0:45 2:55
Jordin Tootoo 0 1 1 0 0 1 0 0 0 0 0/0 12:21 2:26 0:00
Karl Alzner 0 0 0 -1 0 2 1 2 0 1 0/0 18:03 3:07 0:34
Michael Haley 0 0 0 0 0 0 3 1 0 0 1/1 10:01 0:00 2:00
Mike Richards 0 1 1 0 2 1 1 0 2 0 14/29 18:55 1:26 2:04
Nick Bjugstad 1 2 3 0 0 5 2 0 2 0 6/9 17:49 2:26 1:02
Petr Pohl 1 0 1 0 0 4 3 1 1 0 0/0 14:13 0:00 0:00
Philip Samuelsson 0 0 0 2 0 2 3 1 1 0 0/0 24:42 3:07 2:55
Riley Armstrong 0 1 1 0 0 1 2 0 1 0 0/2 12:49 0:00 2:00
Ryan O'Byrne 1 1 2 3 0 3 5 3 1 0 0/0 25:29 0:00 4:50
3 Stars
1 - Ryan O'Byrne (Det)
2 - Nick Bjugstad (Det)
3 - Petr Pohl (Det)
Power Play
Blackhawks - 0 on 5 Attempt(s) - 0.00%
Red Wings - 1 on 2 Attempt(s) - 50.00%
Penalty Kill
Blackhawks - 1 on 2 Attempt(s) - 50.00%
- Score 0 goal in Penalty Kill
Red Wings - 5 on 5 Attempt(s) - 100.00%
- Score 0 goal in Penalty Kill
Team Stat
Blackhawks - Hits : 26 - Faceoff Wins : 28 - Blocked Shots : 15 - Penalty Minutes : 4
Red Wings - Hits : 33 - Faceoff Wins : 30 - Blocked Shots : 15 - Penalty Minutes : 10
Official
Referees : Unknown
Linesman : Unknown
Game Notes
No Game Note
Finance
Level 1 -- Attendance: 4817 (80.28%) -- Ticket Income $515,419
Level 2 -- Attendance: 4124 (82.48%) -- Ticket Income $292,804
Level 3 -- Attendance: 1367 (68.35%) -- Ticket Income $65,616
Level 4 -- Attendance: 2834 (70.85%) -- Ticket Income $93,522
Luxury Box -- Attendance: 812 (81.20%) -- Ticket Income $154,280
Game was played at the Joe Louis Arena.
Total Attendance: 13954 (77.52%)
Total Ticket Income: $1,121,641
Other Income: $168,246
Total Income: $1,289,887
Blackhawks
5 vs 5 Forward
Center Left Wing Right Wing Time % Phy DF OF
1 Derick Brassard Antoine Roussel Rick Nash 40 1 2 2
2 Cody Hodgson Chris Kreider Brandon Yip 30 1 2 2
3 Erik Christensen Tomas Fleischmann David Jones 20 1 2 2
4 Scott Gomez Gabriel Bourque Derick Brassard 10 1 2 2
5 vs 5 Defense
Defense Defense Time % Phy DF OF
1 Mike Green John Carlson 40 1 2 2
2 Matthew Spiller Eric Brewer 30 1 2 2
3 Justin Falk Seth Jones 20 1 2 2
4 Kevin Marshall Mike Green 10 1 2 2
PowerPlay Forward
Center Left Wing Right Wing Time % Phy DF OF
1 Derick Brassard Antoine Roussel Rick Nash 60 1 2 2
2 Cody Hodgson Chris Kreider Brandon Yip 40 1 2 2
PowerPlay Defense
Defense Defense Time % Phy DF OF
1 Mike Green John Carlson 60 1 2 2
2 Matthew Spiller Seth Jones 40 1 2 2
Penalty Kill 4 Players Forward
Center Wing Time % Phy DF OF
1 Scott Gomez Antoine Roussel 60 1 2 2
2 Chris Kreider Rick Nash 40 1 2 2
Penalty Kill 4 Players Defense
Defense Defense Time % Phy DF OF
1 Mike Green John Carlson 60 1 2 2
2 Matthew Spiller Eric Brewer 40 1 2 2
Penalty Kill - 3 Players Forward
Forward Time % Phy DF OF
1 Derick Brassard 60 1 2 2
2 Antoine Roussel 40 1 2 2
Penalty Kill - 3 Players Defense
Defense Defense Time % Phy DF OF
1 Mike Green John Carlson 60 1 2 2
2 Matthew Spiller Eric Brewer 40 1 2 2
4 vs 4 Forward
Center Wing Time % Phy DF OF
1 Derick Brassard Antoine Roussel 60 1 2 2
2 Chris Kreider Rick Nash 40 1 2 2
4 vs 4 Defense
Defense Defense Time % Phy DF OF
1 Mike Green John Carlson 60 1 2 2
2 Matthew Spiller Eric Brewer 40 1 2 2
Last Minutes Offensive
Center Left Wing Right Wing Defense Defense
Derick Brassard Antoine Roussel Rick Nash Mike Green John Carlson
Last Minutes Defensive
Center Left Wing Right Wing Defense Defense
Derick Brassard Antoine Roussel Rick Nash Mike Green John Carlson
Goaltenders
Starting : Ray Emery
Backup : Jimmy Howard
Extra Forwards
Normal : Tomas Fleischmann, Erik Christensen, Scott Gomez - PP : Tomas Fleischmann, Erik Christensen - PK : Scott Gomez
Extra Defensemen
Normal : Justin Falk, Seth Jones, Kevin Marshall - PP : Justin Falk - PK : Seth Jones, Kevin Marshall
Penalty Shots
Derick Brassard, Antoine Roussel, Chris Kreider, Rick Nash, Cody Hodgson
Scratches
Nathan Horton (Healthy)
Red Wings
5 vs 5 Forward
Center Left Wing Right Wing Time % Phy DF OF
1 Mike Richards Alex Picard Connor Brown 40 1 2 2
2 Nick Bjugstad Dany Heatley Petr Pohl 30 1 2 2
3 David Krejci Riley Armstrong Jordin Tootoo 20 2 2 1
4 Chris Kelly Michael Haley Carson Mcmillan 10 0 3 2
5 vs 5 Defense
Defense Defense Time % Phy DF OF
1 Philip Samuelsson Ryan O'Byrne 40 1 2 2
2 Karl Alzner Jiri Fischer 30 1 2 2
3 Andrew Alberts Anton Volchenkov 20 1 2 2
4 Andrew Alberts Anton Volchenkov 10 1 2 2
PowerPlay Forward
Center Left Wing Right Wing Time % Phy DF OF
1 Mike Richards Alex Picard Connor Brown 60 0 1 4
2 Nick Bjugstad Dany Heatley Jordin Tootoo 40 0 1 4
PowerPlay Defense
Defense Defense Time % Phy DF OF
1 Philip Samuelsson Karl Alzner 60 0 2 3
2 Andrew Alberts Jiri Fischer 40 0 2 3
Penalty Kill 4 Players Forward
Center Wing Time % Phy DF OF
1 Chris Kelly Carson Mcmillan 60 1 2 2
2 Riley Armstrong Michael Haley 40 1 2 2
Penalty Kill 4 Players Defense
Defense Defense Time % Phy DF OF
1 Anton Volchenkov Ryan O'Byrne 60 1 2 2
2 Jiri Fischer Philip Samuelsson 40 1 2 2
Penalty Kill - 3 Players Forward
Forward Time % Phy DF OF
1 Carson Mcmillan 60 1 2 2
2 Michael Haley 40 1 2 2
Penalty Kill - 3 Players Defense
Defense Defense Time % Phy DF OF
1 Anton Volchenkov Ryan O'Byrne 60 1 2 2
2 Jiri Fischer Philip Samuelsson 40 1 2 2
4 vs 4 Forward
Center Wing Time % Phy DF OF
1 Mike Richards Connor Brown 60 1 2 2
2 Alex Picard David Krejci 40 1 2 2
4 vs 4 Defense
Defense Defense Time % Phy DF OF
1 Philip Samuelsson Ryan O'Byrne 60 1 2 2
2 Karl Alzner Jiri Fischer 40 1 2 2
Last Minutes Offensive
Center Left Wing Right Wing Defense Defense
Mike Richards Alex Picard Connor Brown Philip Samuelsson Karl Alzner
Last Minutes Defensive
Center Left Wing Right Wing Defense Defense
Riley Armstrong Michael Haley Carson Mcmillan Anton Volchenkov Ryan O'Byrne
Goaltenders
Starting : James Reimer
Backup : Jean-Francois Berube
Extra Forwards
Normal : Connor Brown, Nick Bjugstad, David Krejci - PP : David Krejci, Petr Pohl - PK : Mike Richards
Extra Defensemen
Normal : Philip Samuelsson, Karl Alzner, Anton Volchenkov - PP : Anton Volchenkov - PK : Karl Alzner, Andrew Alberts
Penalty Shots
Mike Richards, Carson Mcmillan, Nick Bjugstad, Alex Picard, Jordin Tootoo
Scratches
Jakub Kindl (Groin Injury), Petter Granberg (Healthy), Josh Harding (Healthy)
% Time on Ice - Blackhawks
Lines # - Real PCT - Wanted PCT - Time Play
Normal Forward
1 - 32% - 40% - 14:53
2 - 33% - 30% - 15:21
3 - 25% - 20% - 11:43
4 - 11% - 10% - 5:02
Normal Defense
1 - 37% - 40% - 17:16
2 - 34% - 30% - 15:49
3 - 22% - 20% - 10:22
4 - 8% - 10% - 3:32
PP Forward
1 - 55% - 60% - 4:33
2 - 45% - 40% - 3:46
PP Defense
1 - 62% - 60% - 5:09
2 - 38% - 40% - 3:10
PK Forward
1 - 72% - 60% - 2:48
2 - 28% - 40% - 1:04
PK Defense
1 - 48% - 60% - 1:52
2 - 52% - 40% - 2:00
PK3 Forward
1 - 0% - 60%
2 - 0% - 40%
PK3 Defense
1 - 0% - 60%
2 - 0% - 40%
44 Forward
1 - 0% - 60%
2 - 0% - 40%
44 Defense
1 - 0% - 60%
2 - 0% - 40%
Last Minute Offensive - 0:50
Last Minute Defensive - 0:00
Total
Forward - 60:00
Defense - 60:00
|
% Time on Ice - Red Wings
Lines # - Real PCT - Wanted PCT - Time Play
Normal Forward
1 - 33% - 40% - 15:26
2 - 31% - 30% - 14:22
3 - 21% - 20% - 10:01
4 - 15% - 10% - 7:13
Normal Defense
1 - 43% - 40% - 20:01
2 - 31% - 30% - 14:30
3 - 20% - 20% - 9:16
4 - 7% - 10% - 3:15
PP Forward
1 - 37% - 60% - 1:26
2 - 63% - 40% - 2:26
PP Defense
1 - 81% - 60% - 3:07
2 - 19% - 40% - 0:45
PK Forward
1 - 76% - 60% - 6:19
2 - 24% - 40% - 2:00
PK Defense
1 - 65% - 60% - 5:24
2 - 35% - 40% - 2:55
PK3 Forward
1 - 0% - 60%
2 - 0% - 40%
PK3 Defense
1 - 0% - 60%
2 - 0% - 40%
44 Forward
1 - 0% - 60%
2 - 0% - 40%
44 Defense
1 - 0% - 60%
2 - 0% - 40%
Last Minute Offensive - 0:00
Last Minute Defensive - 0:47
Total
Forward - 60:00
Defense - 60:00
|
Play-by-Play
1st period
0:01 of 1st period - Mike Richards wins face-off versus Derick Brassard in neutral zone.
1:39 of 1st period - Chris Kreider is hit by Alex Picard and loses puck.
2:19 of 1st period - Wrist shot by David Krejci.
2:19 of 1st period - Stopped by Ray Emery with a rebound.
3:16 of 1st period - Anton Volchenkov is hit by Eric Brewer and loses puck.
3:24 of 1st period - Icing by Philip Samuelsson.
3:25 of 1st period - Nick Bjugstad wins face-off versus Erik Christensen in Red Wings zone.
3:25 of 1st period - Nick Bjugstad is hit by Erik Christensen.
4:00 of 1st period - Icing by Nick Bjugstad.
4:01 of 1st period - Derick Brassard wins face-off versus Nick Bjugstad in Red Wings zone.
4:37 of 1st period - Wrist shot by Connor Brown.
4:37 of 1st period - Goal by Connor Brown - Blackhawks : 0 - Red Wings : 1.
4:38 of 1st period - Derick Brassard wins face-off versus Mike Richards in neutral zone.
4:41 of 1st period - Mike Richards is hit by Rick Nash and loses puck.
6:53 of 1st period - Snap shot by Derick Brassard.
6:53 of 1st period - Shot Misses the Net.
7:14 of 1st period - Mike Green is hit by Dany Heatley and loses puck.
7:38 of 1st period - John Carlson is hit by Michael Haley and loses puck.
7:50 of 1st period - Minor Penalty to Erik Christensen for High sticking.
7:51 of 1st period - Scott Gomez wins face-off versus Mike Richards in Blackhawks zone.
8:41 of 1st period - Matthew Spiller is hit by Karl Alzner and loses puck.
8:46 of 1st period - Wrist shot by Nick Bjugstad.
8:46 of 1st period - Stopped by Ray Emery with a rebound.
8:48 of 1st period - Slapshot by Philip Samuelsson.
8:48 of 1st period - Shot Misses the Net.
8:50 of 1st period - Slapshot by Dany Heatley.
8:50 of 1st period - Shot Blocked by Antoine Roussel.
8:52 of 1st period - Slapshot by Philip Samuelsson.
8:52 of 1st period - Stopped by Ray Emery with a rebound.
9:12 of 1st period - Snap shot by Nick Bjugstad.
9:12 of 1st period - Shot Misses the Net.
9:14 of 1st period - Snap shot by Nick Bjugstad.
9:14 of 1st period - Stopped by Ray Emery with a rebound.
9:35 of 1st period - Slapshot by Jordin Tootoo.
9:35 of 1st period - Shot Misses the Net.
9:41 of 1st period - Snap shot by Nick Bjugstad.
9:41 of 1st period - Stopped by Ray Emery with a rebound.
9:43 of 1st period - Backhand shot by Nick Bjugstad.
9:43 of 1st period - Deflect By Mike Green.
9:43 of 1st period - Goal by Nick Bjugstad - Blackhawks : 0 - Red Wings : 2.
9:44 of 1st period - Mike Richards wins face-off versus Cody Hodgson in neutral zone.
9:47 of 1st period - John Carlson is hit by Anton Volchenkov.
10:30 of 1st period - Matthew Spiller is hit by Connor Brown and loses puck.
10:37 of 1st period - Snap shot by Connor Brown.
10:37 of 1st period - Stopped by Ray Emery with a rebound.
10:54 of 1st period - Carson Mcmillan is hit by Cody Hodgson and loses puck.
12:17 of 1st period - Erik Christensen is hit by Jiri Fischer and loses puck.
13:08 of 1st period - Snap shot by Erik Christensen.
13:08 of 1st period - Shot Blocked by Michael Haley.
13:10 of 1st period - Snap shot by David Jones.
13:10 of 1st period - Stopped by James Reimer without a rebound.
13:11 of 1st period - Chris Kelly wins face-off versus Erik Christensen in Red Wings zone.
13:25 of 1st period - Karl Alzner is hit by Tomas Fleischmann and loses puck.
13:36 of 1st period - Jiri Fischer is hit by John Carlson and loses puck.
13:43 of 1st period - Slapshot by Chris Kelly.
13:43 of 1st period - Stopped by Ray Emery without a rebound.
13:44 of 1st period - Connor Brown wins face-off versus Derick Brassard in Blackhawks zone.
13:47 of 1st period - Backhand shot by Mike Richards.
13:47 of 1st period - Stopped by Ray Emery without a rebound.
13:48 of 1st period - Derick Brassard wins face-off versus Mike Richards in Blackhawks zone.
14:01 of 1st period - Wrist shot by Rick Nash.
14:01 of 1st period - Shot Misses the Net.
14:28 of 1st period - Minor Penalty to Eric Brewer for Tripping.
14:29 of 1st period - Mike Richards wins face-off versus Scott Gomez in Blackhawks zone.
15:00 of 1st period - Slapshot by Nick Bjugstad.
15:00 of 1st period - Shot Misses the Net.
16:08 of 1st period - Rick Nash is hit by Mike Richards and loses puck.
16:28 of 1st period - Penalty to Eric Brewer is over, Eric Brewer is back on ice.
16:31 of 1st period - Eric Brewer is hit by Nick Bjugstad and loses puck.
16:44 of 1st period - Snap shot by Chris Kelly.
16:44 of 1st period - Shot Misses the Net.
16:46 of 1st period - Slapshot by Ryan O'Byrne.
16:46 of 1st period - Deflect By Carson Mcmillan.
16:46 of 1st period - Shot Misses the Net.
16:46 of 1st period - Puck is out of play.
16:47 of 1st period - Derick Brassard wins face-off versus Chris Kelly in Blackhawks zone.
16:58 of 1st period - Minor Penalty to Chris Kelly for High sticking.
16:59 of 1st period - Mike Richards wins face-off versus Derick Brassard in Red Wings zone.
17:54 of 1st period - Derick Brassard is hit by Nick Bjugstad and loses puck.
18:31 of 1st period - Nick Bjugstad is hit by Cody Hodgson and loses puck.
18:43 of 1st period - Icing by Mike Green.
18:44 of 1st period - Mike Richards wins face-off versus Chris Kreider in Blackhawks zone.
18:45 of 1st period - Slapshot by Philip Samuelsson.
18:45 of 1st period - Stopped by Ray Emery without a rebound.
18:46 of 1st period - Cody Hodgson wins face-off versus Mike Richards in Blackhawks zone.
18:58 of 1st period - Penalty to Chris Kelly is over, Chris Kelly is back on ice.
19:00 of 1st period - Icing by Rick Nash.
19:01 of 1st period - Derick Brassard wins face-off versus Mike Richards in Blackhawks zone.
19:12 of 1st period - Mike Green is hit by Philip Samuelsson and loses puck.
19:53 of 1st period - Snap shot by Tomas Fleischmann.
19:53 of 1st period - Stopped by James Reimer without a rebound.
19:54 of 1st period - Erik Christensen wins face-off versus Mike Richards in Red Wings zone.
19:55 of 1st period - Wrist shot by Tomas Fleischmann.
19:55 of 1st period - Shot Blocked by Connor Brown.
19:57 of 1st period - Slapshot by Matthew Spiller.
19:57 of 1st period - Deflect By Connor Brown.
19:57 of 1st period - Stopped by James Reimer with a rebound.
19:59 of 1st period - Wrist shot by Erik Christensen.
19:59 of 1st period - Shot Misses the Net.
Goals for this period are 0 for Blackhawks vs 2 for Red Wings.
Shots for this period are 3 for Blackhawks vs 11 for Red Wings.
2nd period
0:01 of 2nd period - Mike Richards wins face-off versus Derick Brassard in neutral zone.
0:08 of 2nd period - Wrist shot by Antoine Roussel.
0:08 of 2nd period - Stopped by James Reimer with a rebound.
0:10 of 2nd period - Snap shot by Antoine Roussel.
0:10 of 2nd period - Deflect By Rick Nash.
0:10 of 2nd period - Shot Misses the Net.
0:10 of 2nd period - Puck is out of play.
0:11 of 2nd period - Mike Richards wins face-off versus Derick Brassard in Red Wings zone.
0:11 of 2nd period - Mike Richards is hit by Derick Brassard.
0:45 of 2nd period - Snap shot by Dany Heatley.
0:45 of 2nd period - Stopped by Ray Emery with a rebound.
1:08 of 2nd period - Icing by David Krejci.
1:09 of 2nd period - David Krejci wins face-off versus Derick Brassard in Red Wings zone.
1:22 of 2nd period - Slapshot by Rick Nash.
1:22 of 2nd period - Stopped by James Reimer with a rebound.
1:34 of 2nd period - Wrist shot by David Krejci.
1:34 of 2nd period - Shot Blocked by Brandon Yip.
1:36 of 2nd period - Slapshot by Ryan O'Byrne.
1:36 of 2nd period - Shot Misses the Net.
1:38 of 2nd period - Snap shot by Riley Armstrong.
1:38 of 2nd period - Shot Misses the Net.
1:40 of 2nd period - Snap shot by David Krejci.
1:40 of 2nd period - Shot Blocked by Matthew Spiller.
1:52 of 2nd period - Off-side.
1:53 of 2nd period - Erik Christensen wins face-off versus Mike Richards in neutral zone.
2:05 of 2nd period - Off-side.
2:06 of 2nd period - Derick Brassard wins face-off versus Mike Richards in neutral zone.
2:38 of 2nd period - Snap shot by Chris Kreider.
2:38 of 2nd period - Shot Blocked by Andrew Alberts.
2:40 of 2nd period - Slapshot by John Carlson.
2:40 of 2nd period - Deflect By Anton Volchenkov.
2:40 of 2nd period - Stopped by James Reimer without a rebound.
2:41 of 2nd period - Nick Bjugstad wins face-off versus Derick Brassard in Red Wings zone.
3:55 of 2nd period - Riley Armstrong is hit by John Carlson and loses puck.
4:13 of 2nd period - Off-side.
4:14 of 2nd period - Nick Bjugstad wins face-off versus Cody Hodgson in neutral zone.
4:27 of 2nd period - Wrist shot by Petr Pohl.
4:27 of 2nd period - Stopped by Ray Emery with a rebound.
4:29 of 2nd period - Slapshot by Ryan O'Byrne.
4:29 of 2nd period - Stopped by Ray Emery with a rebound.
4:31 of 2nd period - Snap shot by Ryan O'Byrne.
4:31 of 2nd period - Shot Blocked by Chris Kreider.
4:33 of 2nd period - Snap shot by Dany Heatley.
4:33 of 2nd period - Stopped by Ray Emery with a rebound.
4:35 of 2nd period - Slapshot by Philip Samuelsson.
4:35 of 2nd period - Shot Misses the Net.
4:43 of 2nd period - Wrist shot by Dany Heatley.
4:43 of 2nd period - Shot Misses the Net.
5:29 of 2nd period - Snap shot by Cody Hodgson.
5:29 of 2nd period - Shot Misses the Net.
5:31 of 2nd period - Wrist shot by Chris Kreider.
5:31 of 2nd period - Shot Misses the Net.
5:35 of 2nd period - Wrist shot by Cody Hodgson.
5:35 of 2nd period - Shot Blocked by Anton Volchenkov.
5:37 of 2nd period - Slapshot by Cody Hodgson.
5:37 of 2nd period - Goal by Cody Hodgson - Blackhawks : 1 - Red Wings : 2.
5:38 of 2nd period - Alex Picard wins face-off versus Derick Brassard in neutral zone.
5:45 of 2nd period - Ryan O'Byrne is hit by Derick Brassard and loses puck.
6:10 of 2nd period - Rick Nash is hit by Michael Haley and loses puck.
6:15 of 2nd period - Slapshot by Karl Alzner.
6:15 of 2nd period - Shot Misses the Net.
6:17 of 2nd period - Wrist shot by Karl Alzner.
6:17 of 2nd period - Stopped by Ray Emery with a rebound.
6:19 of 2nd period - Slapshot by Karl Alzner.
6:19 of 2nd period - Shot Blocked by Antoine Roussel.
6:21 of 2nd period - Snap shot by Chris Kelly.
6:21 of 2nd period - Deflect By Carson Mcmillan.
6:21 of 2nd period - Shot Misses the Net.
6:21 of 2nd period - Puck is out of play.
6:22 of 2nd period - Erik Christensen wins face-off versus David Krejci in Blackhawks zone.
6:55 of 2nd period - Backhand shot by Karl Alzner.
6:55 of 2nd period - Shot Misses the Net.
7:11 of 2nd period - Slapshot by Brandon Yip.
7:11 of 2nd period - Shot Misses the Net.
7:40 of 2nd period - Snap shot by Petr Pohl.
7:40 of 2nd period - Deflect By Dany Heatley.
7:40 of 2nd period - Shot Blocked by Seth Jones.
7:40 of 2nd period - Puck is out of play.
7:41 of 2nd period - Derick Brassard wins face-off versus Mike Richards in Blackhawks zone.
7:54 of 2nd period - Snap shot by Connor Brown.
7:54 of 2nd period - Shot Blocked by Derick Brassard.
8:08 of 2nd period - Brandon Yip is hit by Dany Heatley.
8:22 of 2nd period - Chris Kreider is hit by Philip Samuelsson and loses puck.
8:29 of 2nd period - Cody Hodgson is hit by Petr Pohl and loses puck.
8:33 of 2nd period - Brandon Yip is hit by Ryan O'Byrne.
8:39 of 2nd period - Snap shot by Cody Hodgson.
8:39 of 2nd period - Stopped by James Reimer with a rebound.
8:41 of 2nd period - Slapshot by Eric Brewer.
8:41 of 2nd period - Shot Blocked by Ryan O'Byrne.
8:55 of 2nd period - Snap shot by Chris Kreider.
8:55 of 2nd period - Deflect By Brandon Yip.
8:55 of 2nd period - Stopped by James Reimer with a rebound.
8:57 of 2nd period - Backhand shot by Eric Brewer.
8:57 of 2nd period - Shot Blocked by Dany Heatley.
8:59 of 2nd period - Wrist shot by Eric Brewer.
8:59 of 2nd period - Shot Blocked by Petr Pohl.
9:01 of 2nd period - Snap shot by Brandon Yip.
9:01 of 2nd period - Stopped by James Reimer with a rebound.
9:03 of 2nd period - Slapshot by Eric Brewer.
9:03 of 2nd period - Shot Blocked by Ryan O'Byrne.
9:21 of 2nd period - Slapshot by Cody Hodgson.
9:21 of 2nd period - Stopped by James Reimer without a rebound.
9:22 of 2nd period - Mike Richards wins face-off versus Derick Brassard in Red Wings zone.
9:24 of 2nd period - Minor Penalty to Alex Picard for Tripping.
9:25 of 2nd period - Chris Kelly wins face-off versus Derick Brassard in Red Wings zone.
9:37 of 2nd period - Slapshot by Mike Green.
9:37 of 2nd period - Shot Blocked by Anton Volchenkov.
9:39 of 2nd period - Slapshot by Mike Green.
9:39 of 2nd period - Shot Blocked by Karl Alzner.
9:41 of 2nd period - Snap shot by Derick Brassard.
9:41 of 2nd period - Shot Misses the Net.
10:33 of 2nd period - Antoine Roussel is hit by Riley Armstrong and loses puck.
11:02 of 2nd period - Ryan O'Byrne is hit by David Jones and loses puck.
11:24 of 2nd period - Penalty to Alex Picard is over, Alex Picard is back on ice.
11:30 of 2nd period - Slapshot by Karl Alzner.
11:30 of 2nd period - Stopped by Ray Emery with a rebound.
11:32 of 2nd period - Snap shot by Dany Heatley.
11:32 of 2nd period - Deflect By Nick Bjugstad.
11:32 of 2nd period - Shot Blocked by Scott Gomez.
11:32 of 2nd period - Puck is out of play.
11:33 of 2nd period - Scott Gomez wins face-off versus Nick Bjugstad in Blackhawks zone.
12:09 of 2nd period - Brandon Yip is hit by Riley Armstrong and loses puck.
12:14 of 2nd period - Wrist shot by Riley Armstrong.
12:14 of 2nd period - Stopped by Ray Emery without a rebound.
12:15 of 2nd period - David Krejci wins face-off versus Rick Nash in Blackhawks zone.
12:36 of 2nd period - Snap shot by David Krejci.
12:36 of 2nd period - Shot Misses the Net.
12:38 of 2nd period - Wrist shot by David Krejci.
12:38 of 2nd period - Shot Misses the Net.
12:40 of 2nd period - Wrist shot by Ryan O'Byrne.
12:40 of 2nd period - Shot Blocked by Derick Brassard.
12:42 of 2nd period - Slapshot by Ryan O'Byrne.
12:42 of 2nd period - Goal by Ryan O'Byrne - Blackhawks : 1 - Red Wings : 3.
12:43 of 2nd period - Mike Richards wins face-off versus Derick Brassard in neutral zone.
12:54 of 2nd period - Jiri Fischer is hit by Mike Green and loses puck.
14:12 of 2nd period - Snap shot by Gabriel Bourque.
14:12 of 2nd period - Stopped by James Reimer without a rebound.
14:13 of 2nd period - Mike Richards wins face-off versus Scott Gomez in Red Wings zone.
14:37 of 2nd period - Erik Christensen is hit by Petr Pohl and loses puck.
14:50 of 2nd period - David Jones is hit by Petr Pohl and loses puck.
15:00 of 2nd period - John Carlson is hit by Ryan O'Byrne and loses puck.
15:03 of 2nd period - Slapshot by Mike Green.
15:03 of 2nd period - Shot Misses the Net.
15:05 of 2nd period - Wrist shot by Cody Hodgson.
15:05 of 2nd period - Stopped by James Reimer with a rebound.
15:07 of 2nd period - Snap shot by Brandon Yip.
15:07 of 2nd period - Shot Blocked by Philip Samuelsson.
15:09 of 2nd period - Snap shot by Chris Kreider.
15:09 of 2nd period - Shot Hit the Post.
15:32 of 2nd period - Off-side.
15:33 of 2nd period - Derick Brassard wins face-off versus Mike Richards in neutral zone.
15:36 of 2nd period - Alex Picard is hit by Eric Brewer and loses puck.
15:59 of 2nd period - Dany Heatley is hit by Erik Christensen and loses puck.
16:20 of 2nd period - Slapshot by Chris Kreider.
16:20 of 2nd period - Stopped by James Reimer with a rebound.
16:31 of 2nd period - Slapshot by Mike Green.
16:31 of 2nd period - Shot Misses the Net.
16:43 of 2nd period - Wrist shot by Derick Brassard.
16:43 of 2nd period - Shot Blocked by Dany Heatley.
16:54 of 2nd period - Icing by Petr Pohl.
16:55 of 2nd period - Erik Christensen wins face-off versus Alex Picard in Red Wings zone.
16:56 of 2nd period - Snap shot by John Carlson.
16:56 of 2nd period - Shot Misses the Net.
18:26 of 2nd period - Slapshot by Seth Jones.
18:26 of 2nd period - Stopped by James Reimer with a rebound.
18:40 of 2nd period - Snap shot by Dany Heatley.
18:40 of 2nd period - Stopped by Ray Emery with a rebound.
18:49 of 2nd period - Icing by Dany Heatley.
18:50 of 2nd period - Chris Kreider wins face-off versus Nick Bjugstad in Red Wings zone.
19:03 of 2nd period - Snap shot by Nick Bjugstad.
19:03 of 2nd period - Stopped by Ray Emery with a rebound.
19:05 of 2nd period - Slapshot by Ryan O'Byrne.
19:05 of 2nd period - Stopped by Ray Emery without a rebound.
19:06 of 2nd period - Derick Brassard wins face-off versus Mike Richards in Blackhawks zone.
19:15 of 2nd period - Snap shot by Antoine Roussel.
19:15 of 2nd period - Stopped by James Reimer without a rebound.
19:16 of 2nd period - Derick Brassard wins face-off versus Mike Richards in Red Wings zone.
19:31 of 2nd period - Wrist shot by Antoine Roussel.
19:31 of 2nd period - Shot Blocked by Karl Alzner.
19:33 of 2nd period - Slapshot by Rick Nash.
19:33 of 2nd period - Shot Misses the Net.
19:35 of 2nd period - Slapshot by Rick Nash.
19:35 of 2nd period - Goal by Rick Nash - Blackhawks : 2 - Red Wings : 3.
19:36 of 2nd period - Derick Brassard wins face-off versus Mike Richards in neutral zone.
19:44 of 2nd period - Snap shot by Antoine Roussel.
19:44 of 2nd period - Stopped by James Reimer with a rebound.
19:48 of 2nd period - Snap shot by Rick Nash.
19:48 of 2nd period - Shot Misses the Net.
19:50 of 2nd period - Snap shot by Derick Brassard.
19:50 of 2nd period - Stopped by James Reimer without a rebound.
19:51 of 2nd period - Mike Richards wins face-off versus Derick Brassard in Red Wings zone.
19:51 of 2nd period - Mike Richards is hit by Mike Green.
Goals for this period are 2 for Blackhawks vs 1 for Red Wings.
Shots for this period are 16 for Blackhawks vs 11 for Red Wings.
3rd period
0:01 of 3rd period - Derick Brassard wins face-off versus Alex Picard in neutral zone.
0:27 of 3rd period - Karl Alzner is hit by Cody Hodgson and loses puck.
1:30 of 3rd period - Connor Brown is hit by Chris Kreider and loses puck.
1:37 of 3rd period - Matthew Spiller is hit by Jiri Fischer and loses puck.
1:56 of 3rd period - Snap shot by Dany Heatley.
1:56 of 3rd period - Stopped by Ray Emery with a rebound.
1:58 of 3rd period - Slapshot by Anton Volchenkov.
1:58 of 3rd period - Shot Blocked by Antoine Roussel.
2:14 of 3rd period - Slapshot by Tomas Fleischmann.
2:14 of 3rd period - Goal by Tomas Fleischmann - Blackhawks : 3 - Red Wings : 3.
2:15 of 3rd period - Mike Richards wins face-off versus Chris Kreider in neutral zone.
2:30 of 3rd period - Snap shot by Connor Brown.
2:30 of 3rd period - Stopped by Ray Emery without a rebound.
2:31 of 3rd period - Nick Bjugstad wins face-off versus Derick Brassard in Blackhawks zone.
2:48 of 3rd period - Slapshot by Nick Bjugstad.
2:48 of 3rd period - Deflect By Petr Pohl.
2:48 of 3rd period - Shot Blocked by John Carlson.
2:48 of 3rd period - Puck is out of play.
2:49 of 3rd period - Cody Hodgson wins face-off versus Mike Richards in Blackhawks zone.
3:01 of 3rd period - John Carlson is hit by Connor Brown and loses puck.
3:12 of 3rd period - Minor Penalty to Mike Richards for Boarding.
3:13 of 3rd period - Chris Kelly wins face-off versus Derick Brassard in Red Wings zone.
3:28 of 3rd period - Snap shot by Derick Brassard.
3:28 of 3rd period - Shot Misses the Net.
3:30 of 3rd period - Wrist shot by Antoine Roussel.
3:30 of 3rd period - Shot Misses the Net.
4:29 of 3rd period - Icing by Matthew Spiller.
4:30 of 3rd period - Michael Haley wins face-off versus Derick Brassard in Blackhawks zone.
4:35 of 3rd period - Snap shot by Michael Haley.
4:35 of 3rd period - Shot Misses the Net.
4:41 of 3rd period - Michael Haley is hit by Matthew Spiller and loses puck.
4:52 of 3rd period - John Carlson is hit by Anton Volchenkov and loses puck.
5:01 of 3rd period - Slapshot by Mike Green.
5:01 of 3rd period - Stopped by James Reimer with a rebound.
5:12 of 3rd period - Penalty to Mike Richards is over, Mike Richards is back on ice.
5:19 of 3rd period - Snap shot by Connor Brown.
5:19 of 3rd period - Stopped by Ray Emery with a rebound.
5:41 of 3rd period - Gabriel Bourque is hit by Dany Heatley and loses puck.
5:46 of 3rd period - Snap shot by Petr Pohl.
5:46 of 3rd period - Deflect By Nick Bjugstad.
5:46 of 3rd period - Shot Blocked by Gabriel Bourque.
5:46 of 3rd period - Puck is out of play.
5:47 of 3rd period - Nick Bjugstad wins face-off versus Cody Hodgson in Blackhawks zone.
5:54 of 3rd period - Dany Heatley is hit by Brandon Yip and loses puck.
6:03 of 3rd period - Chris Kreider is hit by Ryan O'Byrne and loses puck.
6:12 of 3rd period - Wrist shot by Dany Heatley.
6:12 of 3rd period - Shot Misses the Net.
6:18 of 3rd period - Snap shot by Chris Kreider.
6:18 of 3rd period - Stopped by James Reimer without a rebound.
6:19 of 3rd period - Derick Brassard wins face-off versus Mike Richards in Red Wings zone.
6:19 of 3rd period - John Carlson is hit by Jiri Fischer and loses puck.
6:22 of 3rd period - Minor Penalty to Connor Brown for Tripping.
6:23 of 3rd period - Derick Brassard wins face-off versus Chris Kelly in Red Wings zone.
6:50 of 3rd period - John Carlson is hit by Ryan O'Byrne and loses puck.
7:03 of 3rd period - Michael Haley is hit by Brandon Yip and loses puck.
7:58 of 3rd period - Rick Nash is hit by Michael Haley and loses puck.
8:17 of 3rd period - Ryan O'Byrne is hit by John Carlson and loses puck.
8:22 of 3rd period - Penalty to Connor Brown is over, Connor Brown is back on ice.
8:30 of 3rd period - Wrist shot by Petr Pohl.
8:30 of 3rd period - Shot Blocked by John Carlson.
8:32 of 3rd period - Snap shot by Petr Pohl.
8:32 of 3rd period - Goal by Petr Pohl - Blackhawks : 3 - Red Wings : 4.
8:33 of 3rd period - Mike Richards wins face-off versus Erik Christensen in neutral zone.
8:56 of 3rd period - Jiri Fischer is hit by David Jones and loses puck.
9:05 of 3rd period - Wrist shot by Erik Christensen.
9:05 of 3rd period - Stopped by James Reimer without a rebound.
9:06 of 3rd period - Derick Brassard wins face-off versus David Krejci in Red Wings zone.
9:33 of 3rd period - Philip Samuelsson is hit by John Carlson.
10:23 of 3rd period - Snap shot by Tomas Fleischmann.
10:23 of 3rd period - Shot Misses the Net.
11:14 of 3rd period - Matthew Spiller is hit by Philip Samuelsson.
11:20 of 3rd period - Philip Samuelsson is hit by Tomas Fleischmann.
11:30 of 3rd period - Gabriel Bourque is hit by Ryan O'Byrne and loses puck.
11:39 of 3rd period - Snap shot by Carson Mcmillan.
11:39 of 3rd period - Stopped by Ray Emery with a rebound.
11:55 of 3rd period - Slapshot by Jordin Tootoo.
11:55 of 3rd period - Deflect By David Krejci.
11:55 of 3rd period - Stopped by Ray Emery with a rebound.
11:57 of 3rd period - Slapshot by Jordin Tootoo.
11:57 of 3rd period - Stopped by Ray Emery with a rebound.
12:34 of 3rd period - Dany Heatley is hit by Brandon Yip and loses puck.
13:14 of 3rd period - David Krejci is hit by Matthew Spiller and loses puck.
15:19 of 3rd period - Off-side.
15:20 of 3rd period - Derick Brassard wins face-off versus Chris Kelly in neutral zone.
16:29 of 3rd period - Snap shot by Petr Pohl.
16:29 of 3rd period - Stopped by Ray Emery without a rebound.
16:30 of 3rd period - Nick Bjugstad wins face-off versus Erik Christensen in Blackhawks zone.
16:33 of 3rd period - Backhand shot by Petr Pohl.
16:33 of 3rd period - Stopped by Ray Emery without a rebound.
16:34 of 3rd period - David Krejci wins face-off versus Erik Christensen in Blackhawks zone.
16:37 of 3rd period - Slapshot by David Krejci.
16:37 of 3rd period - Shot Blocked by John Carlson.
16:39 of 3rd period - Slapshot by Philip Samuelsson.
16:39 of 3rd period - Deflect By Riley Armstrong.
16:39 of 3rd period - Shot Blocked by Mike Green.
16:39 of 3rd period - Puck is out of play.
16:40 of 3rd period - Erik Christensen wins face-off versus Riley Armstrong in Blackhawks zone.
16:40 of 3rd period - Erik Christensen is hit by David Krejci.
16:48 of 3rd period - Slapshot by Erik Christensen.
16:48 of 3rd period - Shot Misses the Net.
16:50 of 3rd period - Wrist shot by John Carlson.
16:50 of 3rd period - Shot Blocked by Ryan O'Byrne.
16:52 of 3rd period - Slapshot by Erik Christensen.
16:52 of 3rd period - Stopped by James Reimer without a rebound.
16:53 of 3rd period - Derick Brassard wins face-off versus David Krejci in Red Wings zone.
17:06 of 3rd period - Wrist shot by Antoine Roussel.
17:06 of 3rd period - Stopped by James Reimer with a rebound.
17:28 of 3rd period - Off-side.
17:29 of 3rd period - Mike Richards wins face-off versus Derick Brassard in neutral zone.
18:39 of 3rd period - David Jones is hit by Alex Picard and loses puck.
18:58 of 3rd period - Slapshot by Jiri Fischer.
18:58 of 3rd period - Stopped by Ray Emery without a rebound.
18:59 of 3rd period - John Tortorella call a timeout for Blackhawks.
18:59 of 3rd period - Derick Brassard wins face-off versus Riley Armstrong in Blackhawks zone.
19:04 of 3rd period - Blackhawks, Ray Emery is pulled from the net.
19:28 of 3rd period - Wrist shot by Antoine Roussel.
19:28 of 3rd period - Shot Misses the Net.
19:30 of 3rd period - Wrist shot by Antoine Roussel.
19:30 of 3rd period - Shot Misses the Net.
19:32 of 3rd period - Wrist shot by Antoine Roussel.
19:32 of 3rd period - Shot Blocked by Carson Mcmillan.
19:34 of 3rd period - Wrist shot by Derick Brassard.
19:34 of 3rd period - Shot Misses the Net.
19:36 of 3rd period - Slapshot by Antoine Roussel.
19:36 of 3rd period - Stopped by James Reimer without a rebound.
19:36 of 3rd period - Minor Penalty to James Reimer for Slashing.
19:37 of 3rd period - Chris Kelly wins face-off versus Cody Hodgson in Red Wings zone.
Goals for this period are 1 for Blackhawks vs 1 for Red Wings.
Shots for this period are 7 for Blackhawks vs 10 for Red Wings.
Back to the Top